 Dungeon Crawl Stone Soup version 0.18-a0-1797-gc18daef (webtiles) character file.

1584 epen the Insei (level 8, -1/55 HPs)
             Began as an Octopode Monk on Apr 22, 2016.
             Was a Priest of Dithmenos.
             Slain by an orc
             ... wielding a cursed -1 hand axe
              (3 damage)
             ... on level 7 of the Dungeon.
             The game lasted 00:14:27 (5718 turns).

epen the Insei (Octopode Monk)                      Turns: 5718, Time: 00:14:28

Health: -1/55      AC:  3    Str: 10    XL:     8   Next: 92%
Magic:  29/29      EV: 21    Int: 12    God:    Dithmenos [***...]
Gold:   246        SH:  0    Dex: 21    Spells: 0 memorised, 7 levels left

rFire  . . .     SeeInvis .       - Unarmed
rCold  . . .     Gourm    .     (no shield)
rNeg   . . .     Faith    .     b - +2 hat
rPois  .         Spirit   .     i - amulet of inaccuracy (curse)
rElec  .         Dismiss  .     e - ring of magical power
rCorr  .         Reflect  .     f - ring of magical power
SustAt .         Harm     .     p - +3 ring of evasion
MR     .....                    m - +4 ring of dexterity
Stlth  ++++++....               (no ring)
                                (no ring)
                                (no ring)
                                (no ring)

@: lethally poisoned (-1 -> -23), very slightly contaminated, hasted, wreathed
by umbra, very quick, not resistant to hostile enchantments, very stealthy
A: almost no armour, amphibious, 8 rings, constrict 8, camouflage 1, gelatinous
body 1
a: Shadow Step, Renounce Religion


You were on level 7 of the Dungeon.
You worshipped Dithmenos.
Dithmenos was most pleased with you.
You were hungry.

You visited 2 branches of the dungeon, and saw 8 of its levels.

You collected 246 gold pieces.

Inventory:

Armour
 b - a +2 hat (worn)
Jewellery
 e - a ring of magical power (left tentacle)
 f - a ring of magical power (right tentacle)
 i - a cursed amulet of inaccuracy (around mantle)
 m - a +4 ring of dexterity (on tentacle)
 n - an uncursed amulet of dismissal {unknown}
 p - a +3 ring of evasion (on tentacle)
 q - an uncursed amulet of faith {unknown}
Wands
 d - a wand of slowing (32/48)
 w - a wand of hasting (2/9)
Scrolls
 s - 3 scrolls of identify
 t - 2 scrolls of enchant weapon
 u - 2 scrolls of recharging
Potions
 g - a potion of cancellation
 h - a potion of brilliance
 k - a potion of agility {unknown}
 l - a potion of cure mutation
 r - 2 potions of flight {unknown}
 v - a potion of mutation {unknown}
Comestibles
 a - 4 bread rations
 c - 7 meat rations
 j - 3 fruits
 x - 3 chunks of flesh


   Skills:
 + Level 5.3 Fighting
 * Level 6.7 Dodging
 + Level 5.4 Stealth
 * Level 7.1 Unarmed Combat
 * Level 4.1 Invocations


You had 7 spell levels left.
You didn't know any spells.

Dungeon Overview and Level Annotations

Branches:
Dungeon (7/15)             Temple (1/1) D:4

Altars:
Ashenzari
Cheibriados
Dithmenos
Fedhas
Gozag
Kikubaaqudgha
Makhleb
Qazlal
Sif Muna
Trog
The Shining One

Shops:
D:7 [:


Innate Abilities, Weirdness & Mutations

You cannot wear most types of armour.
You are amphibious.
You can wear up to eight rings at the same time.
You can use your tentacles to constrict eight enemies at once.
Your skin changes colour to match your surroundings (Stealth).
Your rubbery body absorbs attacks (AC +1).


Message History

You tentacle-slap the killer bee but do no damage.
You grab the killer bee. Your squeeze misses the killer bee.
The killer bee is severely wounded.
You constrict the killer bee, but do no damage.
* * * LOW HITPOINT WARNING * * *
You feel sick. The killer bee misses you. The killer bee completely misses you.
The orc hits you but does no damage.
You tentacle-slap the killer bee but do no damage.
The killer bee is severely wounded.
You constrict the killer bee.
* * * LOW HITPOINT WARNING * * *
You feel sick. The killer bee closely misses you. The killer bee misses you.
You closely miss the killer bee.
The killer bee is severely wounded.
You constrict the killer bee.
* * * LOW HITPOINT WARNING * * *
You feel sick. The killer bee barely misses you. The killer bee stings you.
* * * LOW HITPOINT WARNING * * *
The orc hits you with an enchanted hand axe.
You die...

.............#
..............##
...............#
...............##
...............##
................# ####
..............#y###..##
#............oyoy#....#
#.............##@y....#
##..........####......#
...........####.......#
..........####........##
#..y....### #..........#
#...##.## ##..........#
#...#### ##...........#
#..o# ##............#
#.o## #.............#


You could see 4 killer bees and 2 orcs.

Vanquished Creatures
  Grinder (D:6)
  2 orc warriors
  A sky beast (D:4)
  A black bear (D:7)
  An ogre (D:6)
  A giant frog (D:6)
  A scorpion (D:5)
  2 killer bees (D:7)
  A crimson imp (D:6)
  3 centaur skeletons
  A hound (D:5)
  2 orc priests
  A giant frog skeleton (D:4)
  An iguana (D:5)
  6 orc wizards
  2 worker ants
  A worker ant zombie (D:5)
  3 gnolls
  10 adders
  2 oozes
  An adder skeleton (D:5)
  4 worms
  2 dart slugs
  3 giant geckos
  24 orcs
  9 giant cockroaches
  5 goblins
  4 hobgoblins
  3 jackals (D:2)
  4 quokkas
  3 bats (D:1)
  5 giant newts
  8 kobolds
  7 rats
125 creatures vanquished.

Notes
Turn   | Place    | Note
--------------------------------------------------------------
     0 | D:1      | epen the Octopode Monk began the quest for the Orb.
     0 | D:1      | Reached XP level 1. HP: 16/16 MP: 1/1
   409 | D:1      | Reached XP level 2. HP: 21/21 MP: 2/2
   916 | D:2      | Reached XP level 3. HP: 23/26 MP: 3/3
  1457 | D:2      | Found a glowing golden altar of the Shining One.
  1457 | D:2      | Found a blossoming altar of Fedhas.
  1475 | D:2      | Reached XP level 4. HP: 31/31 MP: 4/4
  1743 | D:2      | Found a glowing golden altar of the Shining One.
  2432 | D:3      | Reached XP level 5. HP: 24/37 MP: 5/5
  2700 | D:3      | Reached skill level 5 in Unarmed Combat
  3127 | D:3      | Reached XP level 6. HP: 40/43 MP: 6/6
  3378 | D:4      | Found a staircase to the Ecumenical Temple.
  3387 | Temple   | Entered the Ecumenical Temple
  3400 | Temple   | Became a worshipper of Dithmenos the Shadowed
  3400 | Temple   | Reached * piety under Dithmenos
  3400 | Temple   | Reached ** piety under Dithmenos
  3422 | D:4      | Noticed an orc warrior
  4060 | D:4      | Reached skill level 5 in Dodging
  4143 | D:4      | Killed an orc warrior
  4143 | D:4      | Reached XP level 7. HP: 26/49 MP: 7/7
  4400 | D:5      | Entered Level 5 of the Dungeon
  4559 | D:5      | Reached skill level 6 in Unarmed Combat
  4581 | D:5      | Found a deep blue altar of Sif Muna.
  4645 | D:5      | Reached skill level 1 in Invocations
  5054 | D:6      | Reached skill level 5 in Fighting
  5054 | D:6      | Reached XP level 8. HP: 42/55 MP: 9/9
  5271 | D:6      | Noticed Grinder
  5286 | D:6      | Killed Grinder
  5286 | D:6      | Reached skill level 5 in Stealth
  5522 | D:7      | Found Pegiheam's Antique Armour Emporium.
  5557 | D:7      | Found Faxaf's Book Boutique.
  5573 | D:7      | Found a bloodstained altar of Trog.
  5653 | D:7      | Found Idoeri's Weapon Boutique.
  5664 | D:7      | Reached *** piety under Dithmenos
  5664 | D:7      | Reached skill level 7 in Unarmed Combat
  5718 | D:7      | HP: 2/55 [killer bee (5)]
  5718 | D:7      | Slain by an orc

Vault maps used:
D:1:      dpeg_arrival_round_b, serial_forest, infiniplex_forest_clump_long,
          infiniplex_forest_lined_corner, infiniplex_forest_lined_ring,
          infiniplex_forest_lined_ring, infiniplex_forest_lined_ring
D:2:      gammafunk_temple_overflow_wave, serial_glass, glass_columns_b,
          glass_columns_b, tso_metal_star
D:3:      first_bread, kennysheep_potato
D:4:      minmay_temple_entry_overgrown, minivault_25
D:5:      nicolae_overflow_hidden_temple
D:6:      uniq_grinder
D:7:      kennysheep_mini_moat, old_standard_altar, serial_shops,
          nicolae_shop_statue_plus, nicolae_shop_trees, shop, shop,
          nicolae_shop_stone, makhleb_heckhound_becter, uniq_menkaure
Temple:   water_room_temple_a_12

Skill      XL: |  1  2  3  4  5  6  7  8 |
---------------+-------------------------+-----
Dodging        | 4 5 6 |  6.7
Fighting       | 4 5 |  5.3
Unarmed Combat | 5 6 7 |  7.1
Stealth        | 3 4 5 |  5.4
Invocations    | 2 4 |  4.1

Action                   |  1- 3 |  4- 6 |  7- 9 || total
-------------------------+-------+-------+-------++-------
Melee: Unarmed           |    50 |   171 |   170 ||   391
       Constrict         |    19 |    33 |    32 ||    84
       Tentacles         |     6 |    39 |    36 ||    81
       Punch             |     1 |     5 |     7 ||    13
Invok: Shadow Step       |       |       |     1 ||     1
Evoke: Wand              |       |       |     1 ||     1
  Use: Scroll            |       |     6 |     4 ||    10
       Potion            |       |     2 |     1 ||     3
 Stab: Sleeping          |     2 |    14 |    15 ||    31
       Distracted        |       |     2 |     1 ||     3
  Eat: Chunk             |     1 |     7 |     5 ||    13
       Royal jelly       |       |     1 |       ||     1
Armor: Skin              |     5 |     6 |     9 ||    20
Dodge: Dodged            |    25 |    85 |   176 ||   286
